 Dungeon Crawl Stone Soup version 0.31-a0-152-g6aa68a64a1 (webtiles) character file.

Game seed: 1757993515153249325

36 qw the Shooter (level 3, -2/32 HPs)
             Began as a Naga Hunter on June 9, 2023.
             Slain by a hobgoblin (7 damage)
             ... led by Robin
             ... on level 2 of the Dungeon.
             The game lasted 00:00:15 (542 turns).

qw the Shooter (Naga Hunter)                         Turns: 542, Time: 00:00:15

Health: -2/32      AC:  2    Str: 13    XL:     3   Next: 37%
Magic:  3/3        EV:  9    Int:  9    God:
Gold:   40         SH:  0    Dex: 16    Spells: 2/2 levels left

rFire   . . .        Y - +0 shortbow
rCold   . . .        (shield currently unavailable)
rNeg    . . .        c - +0 leather armour
rPois   +            (no helmet)
rElec   .            (no cloak)
rCorr   .            (no gloves)
SInv    +            (no barding)
Will    .....        (no amulet)
Stlth   ++           (no ring)
HPRegen 0.25/turn    (no ring)
MPRegen 0.08/turn

%: no passive effects
@: very slow
A: AC +1, large, see invisible, deformed body, poison resistance, slowness 2,
spit poison 1, naga tail 1
a: Spit Poison


You were on level 2 of the Dungeon.
You visited 1 branch of the dungeon, and saw 2 of its levels.

You collected 40 gold pieces.


Innate Abilities, Weirdness & Mutations

Your serpentine skin is tough. (AC +1)
You have supernaturally acute eyesight. (SInv)
Armour fits poorly on your strangely shaped body.
Your system is resistant to poisons. (rPois)
You cover ground very slowly.
You can spit poison.
You have a snake-like lower body.


   Skills:
 - Level 2.0 Fighting
 + Level 4.6 Ranged Weapons
 - Level 1.5 Dodging
 - Level 1.5 Stealth


You had 2 spell levels left.
You didn't know any spells.
Your spell library was empty.

Inventory:

Hand Weapons
 Y - a +0 shortbow (weapon)
Armour
 c - a +0 leather armour (worn)
Scrolls
 a - a scroll of magic mapping {unknown}
Potions
 f - a potion of ambrosia {unknown}

Dungeon Overview and Level Annotations

Branches:
Dungeon (2/15)

Altars:

Annotations:
D:2 Robin


Message History

The splash of poison hits the goblin!
The goblin is poisoned.
You kill the goblin!
You shoot an arrow. The arrow closely misses the goblin.
The goblin hits you with a +0 club. The goblin barely misses you.
Robin roars a battlecry!
The goblins go into a battle-frenzy!
You shoot an arrow. The arrow hits the goblin!
You kill the goblin!
A goblin comes into view. It is wielding a +0 club.
You shoot an arrow. The arrow closely misses the hobgoblin.
The arrow hits the goblin.
You kill the goblin!
The hobgoblin hits you. Robin throws the goblin at you!
You shoot an arrow. The arrow hits the hobgoblin!
You kill the hobgoblin!
The goblin barely misses you.
You shoot an arrow. The arrow barely misses the goblin.
The arrow hits the hobgoblin.
The hobgoblin is heavily wounded.
You have got your breath back.
The goblin hits you with a +0 dagger. The goblin closely misses you.
The goblin hits you with a +0 dagger. The goblin closely misses you.
Robin throws the goblin at you!
540 ||| INVOKING Spit Poison.
Aiming: Spit Poison (2% risk of failure)
Press: ? - help, Shift-Dir - straight line, f/p - goblin The splash of poison hits the goblin.
The goblin is poisoned.
You kill the goblin!
The goblin hits you with a +0 dagger.
Robin hits you from afar with a +0 spear.
You shoot an arrow. The arrow barely misses the hobgoblin.
The goblin barely misses you.
The hobgoblin hits you but does no damage.
Robin closely misses you.
You shoot an arrow.
The arrow completely misses the hobgoblin.
You have got your breath back.
The goblin hits you with a +0 dagger. Robin throws the goblin at you!
The hobgoblin hits you!
You die...

####### ......#
##########.......
#.....).........
#........<##..#
#...<%...##..#
#########...#
#gg### #@## #g#
g)# ..## ..# ..#
)). )..


You could see Robin, a hobgoblin (strong) and 2 goblins.

Vanquished Creatures
  3 dart slugs (D:1)
  A bat (D:1)
  An endoplasm (D:1)
  2 giant cockroaches (D:1)
  11 goblins
  2 hobgoblins
  A kobold (D:1)
  A quokka (D:1)
  2 ball pythons (D:1)
  A frilled lizard (D:1)
  3 rats
28 creatures vanquished.

Notes
Turn   | Place    | Note
-------+----------+-------------------------------------------
     0 | D:1      | qw the Naga Hunter began the quest for the Orb.
     0 | D:1      | Reached XP level 1. HP: 19/19 MP: 1/1
     0 | D:1      | 0 ||| qw: Version: 0.2-a-122-gbc61b45
     0 | D:1      | 0 ||| qw: Game counter: 3428
     0 | D:1      | 0 ||| qw: Always use a shield: true
     0 | D:1      | 0 ||| qw: God list: Okawaru
     0 | D:1      | 0 ||| qw: Allow faded altars: false
     0 | D:1      | 0 ||| qw: Do Orc after D:15 true
     0 | D:1      | 0 ||| qw: Do second Lair branch before Depths: true
     0 | D:1      | 0 ||| qw: Lair rune preference: random
     0 | D:1      | 0 ||| qw: Plans: Normal
     0 | D:1      | 0 ||| PLANNING D:1-11
    32 | D:1      | 32 ||| INVOKING Spit Poison.
    37 | D:1      | 37 ||| INVOKING Spit Poison.
    38 | D:1      | Reached skill level 4 in Ranged Weapons
    38 | D:1      | Reached XP level 2. HP: 15/26 MP: 2/2
    96 | D:1      | 96 ||| INVOKING Spit Poison.
   101 | D:1      | 101 ||| INVOKING Spit Poison.
   188 | D:1      | 188 ||| INVOKING Spit Poison.
   201 | D:1      | 201 ||| INVOKING Spit Poison.
   229 | D:1      | 229 ||| INVOKING Spit Poison.
   238 | D:1      | 238 ||| INVOKING Spit Poison.
   243 | D:1      | 243 ||| INVOKING Spit Poison.
   287 | D:1      | 287 ||| INVOKING Spit Poison.
   292 | D:1      | 292 ||| INVOKING Spit Poison.
   351 | D:1      | 351 ||| INVOKING Spit Poison.
   352 | D:1      | Reached XP level 3. HP: 32/32 MP: 3/3
   355 | D:1      | 355 ||| INVOKING Spit Poison.
   467 | D:1      | 467 ||| READING scroll labelled JYICOU INOE.
   468 | D:1      | 468 ||| READING scroll labelled ZUPLIT JIUSYBY.
   469 | D:1      | 469 ||| READING scroll labelled LEDALYU UTSO.
   470 | D:1      | 470 ||| DRINKING 2 ruby potions.
   471 | D:1      | 471 ||| DROPPING scroll of butterflies.
   472 | D:1      | 472 ||| DROPPING potion of invisibility.
   510 | D:2      | 510 ||| INVOKING Spit Poison.
   528 | D:2      | 528 ||| INVOKING Spit Poison.
   529 | D:2      | Noticed Robin
   534 | D:2      | 534 ||| INVOKING Spit Poison.
   540 | D:2      | 540 ||| INVOKING Spit Poison.
   542 | D:2      | HP: 5/32 [goblin/+0 dagger[Robin] (5)]
   542 | D:2      | Slain by a hobgoblin

Levels and vault maps discovered:
D:1:      elethiomel_arrival_quiet, layout_basic
D:2:      layout_rooms, basic_altar, uniq_crazy_yiuf_cottage, uniq_robin,
          uniq_terence

Skill      XL: |  1 |
---------------+----+-----
Ranged Weapons | 4 |  4.6
Fighting       | |  2.0
Dodging        | |  1.5
Stealth        | |  1.5

Action                     || total
---------------------------++-------
   Fire: Shortbow          ||    45
Ability: Spit Poison       ||    17
    Use: Scroll            ||     3
         Potion            ||     1
 Armour: Leather armour    ||     6
  Dodge: Dodged            ||    13

Table legend:
 A = Non-vault XP
 B = Vault XP
 C = Vault XP percentage of total XP
 D = Non-vault monster count
 E = Vault monster count
 F = Vault count percentage of total count
                 A         B        C        D         E       F
            +---------+---------+-------+---------+---------+-------
      Total |      39 |      13 |  25.0 |      20 |       8 |  28.6
            +---------+---------+-------+---------+---------+-------
        D:1 |      38 |       0 |   0.0 |      19 |       0 |   0.0
        D:2 |       1 |      13 |  92.9 |       1 |       8 |  88.9
            +---------+---------+-------+---------+---------+-------
